 Dungeon Crawl Stone Soup version 0.31-a0-1008-g5b978dac0e (webtiles) character file.

Game seed: 4189459870132802305

2 Revguard the Trooper (level 1, 0/18 HPs)
             Began as a Demonspawn Monk on Nov 13, 2023.
             Slain by a jackal (2 damage)
             ... on level 1 of the Dungeon.
             The game lasted 00:00:29 (68 turns).

Revguard the Trooper (Demonspawn Monk)                Turns: 68, Time: 00:00:30

Health: 0/18       AC:  2    Str: 11    XL:     1   Next: 33%
Magic:  1/1        EV: 13    Int: 11    God:
Gold:   0          SH:  0    Dex: 15    Spells: 0/0 levels left

rFire   . .          .
                       - Unarmed
rCold   . . .        c - orb {light}
rNeg    . . .        a - +0 robe
rPois   .            (no helmet)
rElec   .            (no cloak)
rCorr   .            (no gloves)
SInv    .            (no boots)
Will    .....        (no amulet)
Stlth   +            (no ring)
HPRegen 0.23/turn    (no ring)
MPRegen 0.07/turn

%: no passive effects
@: glowing
A: no striking features
a: no special abilities


You were on level 1 of the Dungeon.
You visited 1 branch of the dungeon, and saw 1 of its levels.

Inventory:

Armour
 a - a +0 robe (worn)
 c - an orb of light (worn)
Jewellery
 d - a ring of magical power
Potions
 b - a potion of ambrosia


   Skills:
 * Level 3.0 Fighting
 + Level 0.0 Armour
 + Level 2.7 Dodging
 * Level 2.7 Unarmed Combat
 + Level 0.1 Invocations
 + Level 0.0 Evocations


You couldn't memorise any spells.
You didn't know any spells.
Your spell library was empty.

Dungeon Overview and Level Annotations

Branches:
Dungeon (1/15)

Altars:


Message History

The quokka bites you but does no damage.
The hobgoblin hits you. The jackal bites you.
You hit the hobgoblin but do no damage.
The hobgoblin is heavily wounded.
The quokka barely misses you. The hobgoblin misses you. The jackal bites you.
The quokka closely misses you.
You barely miss the hobgoblin.
The hobgoblin is heavily wounded.
The jackal bites you.
* * * LOW HITPOINT WARNING * * *
The hobgoblin barely misses you. The quokka misses you.
You hit the quokka.
The quokka is moderately wounded.
The jackal barely misses you. The hobgoblin closely misses you.
A jackal comes into view.
The quokka misses you. The jackal closely misses you.
The jackal barks!
You hit the hobgoblin.
You kill the hobgoblin!
The quokka splashes around in the water.
The jackal bites you but does no damage.
You hit the quokka.
You kill the quokka!
The jackal closely misses you.
You hit the jackal but do no damage. The jackal closely misses you.
You barely miss the jackal.
A jackal comes into view.
The jackal misses you.
The jackal barely misses you. x2; The jackal bites you.
* * * LOW HITPOINT WARNING * * *
The jackal moves out of view.
You hit the jackal.
The jackal is severely wounded.
The jackal bites you but does no damage.
The jackal misses you.
You hit the jackal.
The jackal is almost dead.
The jackal misses you. The jackal bites you.
* * * LOW HITPOINT WARNING * * *
The jackal barely misses you. The jackal bites you.
You die...

#..~~# #....#....#
#....#....# #.~~~_~~~.#
#....#....# #....#....#
#..~h#~~..# #..†@#....#
#####h#####
.###.........#
.........#####
#........###...#.#
#........###...#.#
#........##....#.#
##........##....#.#
.+........##....#.#######


You could see 2 jackals.

Vanquished Creatures
  A hobgoblin (D:1)
  A quokka (D:1)
2 creatures vanquished.

Notes
Turn   | Place    | Note
-------+----------+-------------------------------------------
     0 | D:1      | Revguard the Demonspawn Monk began the quest for the Orb.
     0 | D:1      | Reached XP level 1. HP: 18/18 MP: 1/1
    55 | D:1      | Found a faded altar of an unknown god.
    68 | D:1      | Slain by a jackal

Illustrated notes

Levels and vault maps discovered:
D:1:      grunt_arrival_crossed_arrows, layout_basic,
          shapermc_ecumenical_altar_notcrosses

Action                     || total
---------------------------++-------
  Melee: Unarmed           ||    13
 Armour: Robe              ||    14
  Dodge: Dodged            ||    18

Table legend: (Time is in decaauts)
 A = Elapsed time spent in this place.
 B = Non-inter-level travel time spent in this place.
 C = Inter-level travel time spent in this place.
 D = Time resting spent in this place.
 E = Time spent auto-exploring this place.
 F = Levels seen in this place.
 G = Mean time per level.
                   A        B        C        D        E       F      G
               +--------+--------+--------+--------+--------+-----+--------+
         Total |     67 |     67 |      0 |      0 |     49 |   1 |   67.0 |
       Dungeon |     67 |     67 |      0 |      0 |     49 |   1 |   67.0 |
               +--------+--------+--------+--------+--------+-----+--------+

Top non-repeatable levels by time:
     D:1: 67 daAuts
